 Dungeon Crawl Stone Soup version 0.29.1-2-gbd0b4ee654 (webtiles) character file.

Game seed: 4953293469839574454

245 Anriel the Slasher (level 5, 0/58 HPs)
             Began as a Demonspawn Gladiator on Nov 25, 2022.
             Slain by a sky beast (5 damage)
             ... on level 3 of the Dungeon.
             The game lasted 00:16:55 (2942 turns).

Anriel the Slasher (Demonspawn Gladiator)           Turns: 2942, Time: 00:16:55

Health: 0/58       AC: 22    Str: 17    XL:     5   Next: 83%
Magic:  5/5        EV:  2    Int:  9    God:
Gold:   190        SH:  0    Dex: 14    Spells: 4/4 levels left

rFire   . . .      SeeInvis .   a - +1 long sword
rCold   . . .      Faith    .   (no shield)
rNeg    . . .      Spirit   .   (body armour currently unavailable)
rPois   +          Reflect  .   (helmet currently unavailable)
rElec   .          Harm     .   (cloak currently unavailable)
rCorr   .          Rampage  .   (gloves currently unavailable)
Will    .....      NoTele   +   (boots currently unavailable)
Stlth   +.........              (no amulet)
HPRegen 0.19/turn               (no ring)
MPRegen 0.09/turn               (no ring)

@: brilliant, tree-form, attractive
A: stationary, stasis, torment immunity, boosted hp, (sanguine armour 2),
(demonic touch 1)
a: no special abilities


You were on level 3 of the Dungeon.
You were a tree.
You visited 1 branch of the dungeon, and saw 4 of its levels.

You collected 190 gold pieces.

Inventory:

Hand Weapons
 a - a +1 long sword (weapon)
 k - the +5 mace "Jepahif" {protect, Str+5 Int-3 Dex+4}
   (You found it on level 3 of the Dungeon)

   It grants its wielder temporary protection when it strikes (+7 to AC).
   Str:       It affects your strength (+5).
   Int:       It affects your intelligence (-3).
   Dex:       It affects your dexterity (+4).
Armour
 c - a +0 helmet (melded)
 i - a +0 cloak (melded)
 o - a +0 scale mail (melded)
Jewellery
 h - a ring of ice
Scrolls
 f - a scroll of enchant weapon
 j - a scroll of silence
 n - 2 scrolls of teleportation
 p - 2 scrolls of identify
Potions
 q - a potion of flight {unknown}


   Skills:
 + Level 2.7 Fighting
 + Level 4.4 Long Blades
 + Level 2.1 Throwing
 + Level 2.7 Armour
 + Level 3.1 Dodging


You had 4 spell levels left.
You didn't know any spells.
Your spell library contained the following spells:

 Spells                   Type           Power      Damage    Failure   Level
 Slow                     Hex            0%         N/A       38%         1
 Confusing Touch          Hex            0%         N/A       77%         3
 Vampiric Draining        Necr           0%         2d6       77%         3


Dungeon Overview and Level Annotations

Branches:
Dungeon (4/15)
 Temple: D:4-7

Altars:
Gozag


Innate Abilities, Weirdness & Mutations

You are a tree.
Your roots penetrate the ground, keeping you stationary.
You cannot be teleported.
You are immune to unholy pain and torment.
Your maximum health is greatly increased.
Your equipment is partially melded.
((When seriously injured, your blood forms thick armour. (AC +0)))
((Your touch may inflict minor irresistible damage on your foes.))


Message History

Something hits you but does no damage.
You barely miss something. Your touch misses something.
Something hits you but does no damage.
You closely miss something. Your touch misses something. Something hits you.
Something shocks you. Something hits you but does no damage.
You miss something. Something hits you but does no damage.
You hit something but do no damage. Something hits you but does no damage.
You hit something. Something hits you. Something shocks you.
* * * LOW HITPOINT WARNING * * *
You hit something but do no damage. Your touch misses something.
A sky beast appears from thin air!
Reactivating autopickup.
The sky beast barely misses you.
You hit the sky beast.
You punch the sky beast, but do no damage.
The sky beast is severely wounded.
The sky beast hits you.
* * * LOW HITPOINT WARNING * * *
The sky beast shocks you.
* * * LOW HITPOINT WARNING * * *
Okay, then.
As you read the scroll labelled QORAUQ BYRIPT, it crumbles to dust.
It is a scroll of enchant weapon.
Your +0 long sword glows red for a moment.
The sky beast hits you but does no damage.
It was a potion of brilliance.
You feel clever all of a sudden. The sky beast closely misses you.
It was a potion of lignification.
You turn into a tree.
Your +0 cloak melds into your body.
Your +0 helmet melds into your body.
Your +0 scale mail melds into your body.
Your roots penetrate the ground.
Your blood armour dries and flakes away.
The sky beast barely misses you.
It was a potion of attraction.
You feel attractive to monsters. The sky beast hits you.
* * * LOW HITPOINT WARNING * * *
The sky beast shocks you.
You die...

#.........................
#..#.##<..................
#..#.##.###.#.#.######....
######..#.##.###.#.#...........
###........).......#.#.#######...
............##.##..#.#.#######...
.................................
##.............##..#.#.#######...
##.#####..(.#..Y♣......#.........
...............##.##...#.........
.............#..#.#..#...........
##.##.#..#...##.....##...........
##.##.#..#......._...............
....#....#...##.....##...........
##.##(...#...#..#.#..#....######.
#.##....#.#...##.##......# #.
##..#....#.##.........#...######.


You could see a sky beast.

Vanquished Creatures
  A necrophage (D:4)
  A gnoll bouda (D:3)
  Terence (D:2)
  3 gnolls
  2 adders
  An ufetubus (D:3)
  A worm (D:2)
  2 dart slugs
  2 orcs (D:3)
  4 ball pythons
  4 endoplasms
  5 giant cockroaches
  10 goblins
  6 hobgoblins
  5 kobolds
  3 quokkas
  3 bats
  2 frilled lizards
  3 rats (D:3)
59 creatures vanquished.

Notes
Turn   | Place    | Note
-------+----------+-------------------------------------------
     0 | D:1      | Anriel the Demonspawn Gladiator began the quest for the
                  | Orb.
     0 | D:1      | Reached XP level 1. HP: 16/16 MP: 1/1
   399 | D:1      | Gained mutation: When seriously injured, your blood forms
                  | armour. (AC +0) [demonic ancestry]
   399 | D:1      | Reached XP level 2. HP: 19/22 MP: 2/2
   563 | D:1      | Found a faded altar of an unknown god.
   817 | D:1      | Reached skill level 3 in Long Blades
  1150 | D:2      | Noticed Terence
  1155 | D:2      | Killed Terence
  1156 | D:2      | Reached skill level 1 in Armour
  1156 | D:2      | Gained mutation: When seriously injured, your blood forms
                  | thick armour. (AC +0) [demonic ancestry]
  1156 | D:2      | Reached XP level 3. HP: 10/27 MP: 3/3
  1429 | D:2      | Reached XP level 4. HP: 21/33 MP: 4/4
  1776 | D:3      | Found an opulent altar of Gozag.
  1812 | D:3      | Identified the +5 mace "Jepahif" {protect, Str+5 Int-3
                  | Dex+4}
  2579 | D:4      | Noticed a necrophage
  2599 | D:4      | Killed a necrophage
  2600 | D:4      | Reached skill level 4 in Long Blades
  2600 | D:4      | Gained mutation: Your touch may inflict minor irresistible
                  | damage on your foes. [demonic ancestry]
  2600 | D:4      | Reached XP level 5. HP: 39/39 MP: 5/5
  2684 | D:4      | Noticed a sky beast
  2942 | D:3      | Slain by a sky beast

Illustrated notes

Levels and vault maps discovered:
D:1:      spicycebolla_arrival_xxxplode, layout_basic,
          ebering_ecumenical_altar_sacrificial
D:2:      cheibrodos_greedy_goblins, layout_loops_cross, item_on_display_a,
          uniq_terence
D:3:      layout_basic, mainiacjoe_overflow_small_starburst
D:4:      layout_loops_cross

Skill      XL: |  1  2  3  4 |
---------------+-------------+-----
Long Blades    | 3 4 |  4.4
Throwing       | 2 |  2.1
Armour         | 1 2 |  2.7
Dodging        | 3 |  3.1
Fighting       | |  2.7

Action                   |  1- 3 |  4- 6 || total
-------------------------+-------+-------++-------
Melee: Long sword        |   112 |   104 ||   216
       Punch             |     1 |     1 ||     2
       Touch             |       |     8 ||     8
Throw: Javelin           |     2 |     4 ||     6
       Throwing net      |       |     3 ||     3
  Use: Scroll            |     5 |     2 ||     7
       Potion            |     2 |     4 ||     6
 Stab: Held in net/web   |       |     3 ||     3
Armor: Leather armour    |    33 |       ||    33
       Scale mail        |    19 |    59 ||    78
Dodge: Dodged            |    72 |    44 ||   116
